 Dungeon Crawl Stone Soup version 0.29-a0-813-g4a14ea37d6 (webtiles) character file.

Game seed: 3464534643870321013

123 buhh the Digger (level 4, -4/24 HPs)
             Began as a Deep Elf Earth Elementalist on July 5, 2022.
             Killed by nerve-wracking pain
             ... invoked by an orc priest
              (12 damage)
             ... on level 3 of the Dungeon.
             The game lasted 00:04:30 (1770 turns).

buhh the Digger (Deep Elf Earth Elementalist)       Turns: 1770, Time: 00:04:31

Health: -4/24      AC:  2    Str:  5    XL:     4   Next: 80%
Magic:  4/10       EV: 13    Int: 20    God:
Gold:   81         SH:  0    Dex: 17    Spells: 3/9 levels left

rFire   . . .      SeeInvis .   (no weapon)
rCold   . . .      Faith    .   (no shield)
rNeg    . . .      Spirit   .   a - +0 robe
rPois   .          Reflect  .   k - +0 hat
rElec   .          Harm     .   (no cloak)
rCorr   .          Rampage  .   (no gloves)
Will    .....                   (no boots)
Stlth   +++.......              (no amulet)
HPRegen 0.08/turn               b - ring of flight
MPRegen 0.12/turn               (no ring)

@: flying
A: no striking features
a: no special abilities


You were on level 3 of the Dungeon.
You visited 1 branch of the dungeon, and saw 4 of its levels.

You collected 81 gold pieces.

Inventory:

Missiles
 l - 6 poisoned darts
Armour
 a - a +0 robe (worn)
 k - a +0 hat (worn)
Magical Staves
 q - a staff of conjuration
Jewellery
 b - a ring of flight (left hand)
 c - a ring of fire
Scrolls
 f - a scroll of enchant weapon {unknown}
 i - a scroll of enchant armour {unknown}
 n - a scroll of magic mapping {unknown}
 r - a scroll of immolation {unknown}
 t - a scroll of teleportation {!d}
 Q - 2 scrolls of fog
Potions
 d - a potion of cancellation {unknown}
 e - a potion of resistance {unknown}
 g - a potion of mutation {unknown}
 h - a potion of degeneration {unknown}
 m - 2 potions of invisibility {unknown}
 o - a potion of attraction {unknown}
 p - a potion of heal wounds {unknown}
 J - a potion of magic {!q!d}


   Skills:
 - Level 3.2 Dodging
 - Level 3.4 Stealth
 - Level 3.0 Spellcasting
 * Level 1.7 Conjurations
 - Level 1.1 Transmutations
 * Level 4.9 Earth Magic


You had 3 spell levels left.
You knew the following spells:

 Your Spells              Type           Power      Damage    Failure   Level
a - Sandblast             Erth           44%        2d11      1%          1
b - Passwall              Tmut/Erth      12%        N/A       6%          2
c - Stone Arrow           Conj/Erth      32%        3d9       11%         3

Your spell library contained the following spells:

 Spells                   Type           Power      Damage    Failure   Level
 Beastly Appendage        Tmut           14%        N/A       9%          1
 Wereblood                Tmut           7%         N/A       14%         2
 Spider Form              Tmut/Pois      5%         N/A       34%         3
 Petrify                  Tmut/Erth      15%        N/A       38%         4


Dungeon Overview and Level Annotations

Branches:
Dungeon (4/15) Zot: 22163
 Temple: D:4-7

Altars:
Dithmenos

Shops:
D:2 ==


Message History

Aiming: Sandblast (safe; 2% risk of failure)
Press: ? - help, Q - select action, (/) - cycle Shift-Dir - straight line, f - you That would be overly suicidal.
Okay, then.
Aiming: Sandblast (safe; 2% risk of failure)
Press: ? - help, Q - select action, (/) - cycle Shift-Dir - straight line, f - Jessica
Aim: Jessica, wielding a +0 club and wearing a +0 robe (81% to hit)
The blast of sand hits Jessica!
You kill Jessica!
An orc comes into view. It is wielding a +0 hand axe.
Your Conjurations skill increases to level 1!
An orc wizard comes into view. It is wielding a +0 dagger.
The blast of sand hits the orc but does no damage.
The orc wizard shouts!
The orc wizard points at you and mumbles some strange words.
The puff of flame misses you.
The blast of sand misses the orc.
An orc priest comes into view. It is wielding a +0 whip.
The orc wizard points at you and mumbles some strange words.
You resist with some effort. The orc closely misses you.
The blast of sand hits the orc!
You kill the orc!
An endoplasm comes into view.
The blast of sand hits the orc wizard.
The orc wizard is lightly wounded.
The blast of sand hits the orc wizard!
You kill the orc wizard!
The orc priest invokes the aid of Beogh against you.
Pain shoots through your body!
The blast of sand misses the orc priest.
The orc priest looks braver for a moment.
The orc priest hits you with a +0 whip.
The blast of sand hits the orc priest!
The orc priest is almost dead.
The orc priest calls down the wrath of Beogh upon you.
Pain shoots through your body! The endoplasm hits you.
The orc priest mumbles some strange prayers to Beogh against you.
Pain shoots through your body!
Ouch! That really hurt!
You die...

#..##..## ..##.#
#......###....!.
#.....).#.......
#...............
#...............
##..............
#..............
#..............
######.@J......
#.$o......
#..)......
..........
...........
............
.........#...
..........#...


You could see an orc priest and an endoplasm.

Vanquished Creatures
  Jessica (D:3)
  An orc wizard (D:3)
  An adder (D:2)
  A worm (D:2)
  3 dart slugs
  An orc (D:3)
  2 ball pythons
  An endoplasm (D:2)
  3 giant cockroaches (D:1)
  8 goblins
  3 hobgoblins
  3 jackals (D:1)
  10 kobolds
  4 quokkas
  3 bats
  4 frilled lizards
  3 rats
52 creatures vanquished.

Vanquished Creatures (others)
  6 fungi (D:2)
  3 plants (D:2)
9 creatures vanquished.

Grand Total: 61 creatures vanquished

Notes
Turn   | Place    | Note
-------+----------+-------------------------------------------
     0 | D:1      | buhh the Deep Elf Earth Elementalist began the quest for
                  | the Orb.
     0 | D:1      | Reached XP level 1. HP: 10/10 MP: 6/6
   138 | D:1      | Reached XP level 2. HP: 15/15 MP: 5/8
   207 | D:1      | Learned a level 2 spell: Passwall
   472 | D:1      | Reached skill level 4 in Earth Magic
   793 | D:1      | Reached XP level 3. HP: 19/19 MP: 7/9
  1059 | D:2      | Found Valoh's Jewellery Shop.
  1079 | D:2      | Found Famy's Jewellery Shop.
  1474 | D:2      | Found a faded altar of an unknown god.
  1502 | D:2      | Learned a level 3 spell: Stone Arrow
  1605 | D:3      | Reached XP level 4. HP: 24/24 MP: 8/10
  1648 | D:3      | You are sucked into a shaft and drop 1 floor!
  1659 | D:3      | Noticed an ice beast
  1661 | D:3      | Found a shadowy altar of Dithmenos.
  1759 | D:3      | Noticed Jessica
  1762 | D:3      | Killed Jessica
  1770 | D:3      | Killed from afar by an orc priest

Illustrated notes

Levels and vault maps discovered:
D:1:      dreamdust_arrival_sigmund_warning, layout_loops_ring
D:2:      layout_rooms, shapermc_ecumenical_altar_mp_urbaneastern, serial_shops,
          nicolae_diamond_shop, nicolae_shop_stone, minmay_splitting_lines
D:3:      layout_basic, nicolae_dithmenos_shadow_blocks, gammafunk_ghost_arena,
          uniq_jessica
D:4:      layout_loops_ring, led_xom_imps, st_stairs_9, uniq_pikel

Skill      XL: |  1  2  3  4 |
---------------+-------------+-----
Stealth        | 3 |  3.4
Earth Magic    | 4 |  4.9
Dodging        | 3 |  3.2
Conjurations   | 1 |  1.7
Spellcasting   | |  3.0
Transmutations | |  1.1

Action                   |  1- 3 |  4- 6 || total
-------------------------+-------+-------++-------
 Cast: Sandblast         |    54 |    12 ||    66
  Use: Scroll            |     1 |     1 ||     2
Armor: Robe              |     2 |       ||     2
Dodge: Dodged            |    14 |     3 ||    17

Table legend: (Time is in decaauts)
 A = Elapsed time spent in this place.
 B = Non-inter-level travel time spent in this place.
 C = Inter-level travel time spent in this place.
 D = Time resting spent in this place.
 E = Time spent auto-exploring this place.
 F = Levels seen in this place.
 G = Mean time per level.
                   A        B        C        D        E       F      G
               +--------+--------+--------+--------+--------+-----+--------+
         Total |   1834 |   1782 |     52 |      2 |   1490 |   4 |  458.5 |
       Dungeon |   1834 |   1782 |     52 |      2 |   1490 |   4 |  458.5 |
               +--------+--------+--------+--------+--------+-----+--------+

Top non-repeatable levels by time:
     D:1: 905 daAuts
     D:2: 665 daAuts
     D:3: 257 daAuts
     D:4: 5 daAuts
